3L
KINGSTON TOWNSHIP LEGION 9 @ THUNDER BAY NORTHERN LIONS BC
09/22/2020
 
TOP OF THE 1ST
Kingston Township Legion 9 batting - Pitching for Thunder Bay Northern Lions BC : RHP Jorge Castillo
Pitching: RHP Jorge Castillo
Batting: RHB António Varela 0-0: Foul Ball, location: 2F
0-1: Ball
1-1: Ball
2-1: Ball
3-1: Foul Ball, location: 2F
3-2: Foul Ball, location: 2F
3-2: Fly out, F4 (Popup, 6MD)
Batting: RHB Vicente Toro 0-0: Ground out 4-3 (Groundball, 4)
Batting: LHB Clay Rush 0-0: Ball
1-0: Swinging Strike
1-1: Foul Ball, location: 2F
1-2: Foul Ball, location: 2F
1-2: Fly out, F6 (Popup, 56D)
Top of the 1st over - 0 run(s), 0 hit(s), 0 error(s), 0 left on base; Kingston Township 0 - Thunder Bay 0
BOTTOM OF THE 1ST
Thunder Bay Northern Lions BC batting - Pitching for Kingston Township Legion 9 : RHP Masaharu Suto
Pitching: RHP Masaharu Suto
Batting: LHB John Brewer 0-0: Ball
1-0: SINGLE (Line Drive, 8LS)
Batting: LHB David Smith Pickoff Throw to First - Out!
0-0: Ball
1-0: Ball
2-0: Foul Ball, location: 2F
2-1: Ball
3-1: Called Strike
3-2: Foul Ball, location: 2F
3-2: Base on Balls
Batting: LHB Curtis Peters 0-0: Called Strike
0-1: Ball
1-1: 2-RUN HOME RUN (Flyball, 8LXD), Distance : 443 ft
Batting: SHB Arnold Griffith 0-0: Ground out 1-3 (Groundball, 15)
Batting: LHB Keith Bridges 0-0: Ball
1-0: Ball
2-0: Ball
3-0: Base on Balls
Batting: RHB Robert O'Connor 0-0: Ball
1-0: Called Strike
1-1: Ball
2-1: Foul Ball, location: 2F
2-2: Foul Ball, location: 2F
2-2: Ball
3-2: Ground out 6-3 (Groundball, 6)
Bottom of the 1st over - 2 run(s), 2 hit(s), 0 error(s), 1 left on base; Kingston Township 0 - Thunder Bay 2
TOP OF THE 2ND
Kingston Township Legion 9 batting - Pitching for Thunder Bay Northern Lions BC : RHP Jorge Castillo
Batting: LHB Gonzalo López 0-0: Called Strike
0-1: DOUBLE (Line Drive, 9LM)
Batting: RHB Akihiko Oike 0-0: Ball
Wild Pitch!
Gonzalo López to third
1-0: Ball
2-0: SINGLE (Line Drive, 56D)
Gonzalo López scores
Batting: LHB Wilfrid Savary 0-0: Ball
1-0: Swinging Strike
1-1: Ball
2-1: Ball
3-1: Foul Ball, location: 2F
3-2: Base on Balls
Akihiko Oike to second
Batting: RHB Chet Nix 0-0: Ball
1-0: Called Strike
1-1: Ball
2-1: Foul Ball, location: 2F
2-2: Strikes out swinging
Batting: RHB Ernie McPherson 0-0: Called Strike
0-1: Swinging Strike
0-2: Foul Ball, location: 2F
0-2: Ball
1-2: Strikes out swinging
Batting: RHB Masaharu Suto 0-0: Ball
1-0: Fly out, F3 (Popup, 3S)
Top of the 2nd over - 1 run(s), 2 hit(s), 0 error(s), 2 left on base; Kingston Township 1 - Thunder Bay 2
BOTTOM OF THE 2ND
Thunder Bay Northern Lions BC batting - Pitching for Kingston Township Legion 9 : RHP Masaharu Suto
Batting: RHB Jonathan Cook 0-0: Swinging Strike
0-1: Ball
1-1: Called Strike
1-2: Ground out 5-3 (Groundball, 56S)
Batting: RHB Jorge Castillo 0-0: Ball
1-0: Ball
2-0: Foul Ball, location: 2F
2-1: DOUBLE (Line Drive, 78M)
Batting: RHB Taroemon Watanabe 0-0: Ball
1-0: Called Strike
1-1: Ball
2-1: Ground out 5-3 (Groundball, 5)
Batting: LHB John Brewer 0-0: Ball
1-0: Ball
2-0: Ball
3-0: Base on Balls
Batting: LHB David Smith 0-0: Ball
1-0: Ball
2-0: Ball
3-0: Base on Balls
Jorge Castillo to third
John Brewer to second
Batting: LHB Curtis Peters 0-0: Foul Ball, location: 2F
0-1: Called Strike
0-2: Ball
1-2: Foul Ball, location: 2F
1-2: Strikes out swinging
Bottom of the 2nd over - 0 run(s), 1 hit(s), 0 error(s), 3 left on base; Kingston Township 1 - Thunder Bay 2
TOP OF THE 3RD
Kingston Township Legion 9 batting - Pitching for Thunder Bay Northern Lions BC : RHP Jorge Castillo
Batting: RHB António Varela 0-0: Foul Ball, location: 2F
0-1: Ball
1-1: Foul Ball, location: 2F
1-2: Ground out 5-3 (Groundball, 56)
Batting: RHB Vicente Toro 0-0: Called Strike
0-1: Ball
1-1: Ball
2-1: Fly out, F6 (Line Drive, 6)
Batting: LHB Clay Rush 0-0: Called Strike
0-1: Swinging Strike
0-2: Strikes out looking
Top of the 3rd over - 0 run(s), 0 hit(s), 0 error(s), 0 left on base; Kingston Township 1 - Thunder Bay 2
BOTTOM OF THE 3RD
Thunder Bay Northern Lions BC batting - Pitching for Kingston Township Legion 9 : RHP Masaharu Suto
Batting: SHB Arnold Griffith 0-0: Called Strike
0-1: SINGLE (Flyball, 7LM)
Batting: LHB Keith Bridges 0-0: Swinging Strike
0-1: Ball
1-1: Ball
2-1: Ball
3-1: Base on Balls
Arnold Griffith to second
Batting: RHB Robert O'Connor 0-0: Called Strike
0-1: Swinging Strike
0-2: Foul Ball, location: 2F
0-2: Ball
1-2: Ball
2-2: Grounds into double play, 6-4-3 (Groundball, 6)
Arnold Griffith to third
Batting: RHB Jonathan Cook 0-0: Intentional Walk
Batting: RHB Jorge Castillo 0-0: Called Strike
0-1: Fly out, F8 (Flyball, 8LM)
Bottom of the 3rd over - 0 run(s), 1 hit(s), 0 error(s), 2 left on base; Kingston Township 1 - Thunder Bay 2
TOP OF THE 4TH
Kingston Township Legion 9 batting - Pitching for Thunder Bay Northern Lions BC : RHP Jorge Castillo
Batting: LHB Gonzalo López 0-0: Ball
1-0: Fly out, F8 (Flyball, 8RD)
Batting: RHB Akihiko Oike 0-0: Ball
1-0: Foul Ball, location: 2F
1-1: Foul Ball, location: 2F
1-2: Ball
2-2: Ball
3-2: DOUBLE (Groundball, 5L)
Batting: LHB Wilfrid Savary 0-0: Called Strike
0-1: Ball
1-1: Called Strike
1-2: Ball
2-2: Ball
Wild Pitch!
Akihiko Oike to third
3-2: Ground out 6-3 (Groundball, 6)
Akihiko Oike scores
Batting: RHB Chet Nix 0-0: Ground out 6-3 (Groundball, 6)
Top of the 4th over - 1 run(s), 1 hit(s), 0 error(s), 0 left on base; Kingston Township 2 - Thunder Bay 2
BOTTOM OF THE 4TH
Thunder Bay Northern Lions BC batting - Pitching for Kingston Township Legion 9 : RHP Masaharu Suto
Batting: RHB Taroemon Watanabe 0-0: Bunt missed!
0-1: Ball
1-1: Ball
2-1: Ball
3-1: Swinging Strike
3-2: SINGLE (Line Drive, 56D)
Batting: LHB John Brewer 0-0: Called Strike
0-1: Grounds into double play, 6-4-3 (Groundball, 6)
Batting: LHB David Smith 0-0: Called Strike
0-1: Swinging Strike
0-2: Ball
1-2: Ball
2-2: Ground out 4-3 (Groundball, 34)
Bottom of the 4th over - 0 run(s), 1 hit(s), 0 error(s), 0 left on base; Kingston Township 2 - Thunder Bay 2
TOP OF THE 5TH
Kingston Township Legion 9 batting - Pitching for Thunder Bay Northern Lions BC : RHP Jorge Castillo
Batting: RHB Ernie McPherson 0-0: Ground out 4-3 (Groundball, 4M)
Batting: RHB Masaharu Suto 0-0: Ground out 5-3 (Groundball, 56)
Batting: RHB António Varela 0-0: Ball
1-0: Foul Ball, location: 2F
1-1: Swinging Strike
1-2: Ground out 6-3 (Groundball, 6)
Top of the 5th over - 0 run(s), 0 hit(s), 0 error(s), 0 left on base; Kingston Township 2 - Thunder Bay 2
BOTTOM OF THE 5TH
Thunder Bay Northern Lions BC batting - Pitching for Kingston Township Legion 9 : RHP Masaharu Suto
Batting: LHB Curtis Peters 0-0: Called Strike
0-1: Ball
1-1: Ball
2-1: Ball
3-1: Fly out, F5 (Popup, 5F)
Batting: SHB Arnold Griffith 0-0: Ball
1-0: Foul Ball, location: 2F
1-1: Ball
2-1: Ground out 1-3 (Groundball, 23)
Batting: LHB Keith Bridges 0-0: Fly out, F7 (Flyball, 78M)
Bottom of the 5th over - 0 run(s), 0 hit(s), 0 error(s), 0 left on base; Kingston Township 2 - Thunder Bay 2
TOP OF THE 6TH
Kingston Township Legion 9 batting - Pitching for Thunder Bay Northern Lions BC : RHP Jorge Castillo
Batting: RHB Vicente Toro 0-0: Ball
1-0: Ball
2-0: Foul Ball, location: 2F
2-1: Ball
3-1: Base on Balls
Batting: LHB Clay Rush 0-0: Called Strike
0-1: Foul Ball, location: 2F
0-2: Ball
1-2: Ball
2-2: Fly out, F9 (Flyball, 9M)
Batting: LHB Gonzalo López 0-0: Ball
1-0: Ground out 3-1 (Groundball, 34)
Vicente Toro to second
Batting: RHB Akihiko Oike 0-0: Ball
1-0: Foul Ball, location: 2F
1-1: Ball
2-1: Ball
3-1: Base on Balls
Batting: LHB Wilfrid Savary 0-0: Called Strike
0-1: Ball
1-1: Called Strike
1-2: Foul Ball, location: 2F
1-2: Ball
2-2: Ground out U3 (Groundball, 3L)
Top of the 6th over - 0 run(s), 0 hit(s), 0 error(s), 2 left on base; Kingston Township 2 - Thunder Bay 2
BOTTOM OF THE 6TH
Thunder Bay Northern Lions BC batting - Pitching for Kingston Township Legion 9 : RHP Masaharu Suto
Batting: RHB Robert O'Connor 0-0: Ball
1-0: Ball
2-0: Ball
3-0: Base on Balls
Batting: RHB Jonathan Cook 0-0: Called Strike
0-1: Called Strike
0-2: Fly out, F8 (Line Drive, 8RS)
Batting: RHB Jorge Castillo 0-0: Bunted foul
0-1: Sac Bunt - play at first, batter OUT! 1-4
Robert O'Connor to second
Batting: RHB Taroemon Watanabe 0-0: Fly out, F9 (Flyball, 9LS)
Bottom of the 6th over - 0 run(s), 0 hit(s), 0 error(s), 1 left on base; Kingston Township 2 - Thunder Bay 2
TOP OF THE 7TH
Kingston Township Legion 9 batting - Pitching for Thunder Bay Northern Lions BC : RHP Jorge Castillo
Batting: RHB Chet Nix 0-0: Foul Ball, location: 2F
0-1: Ball
1-1: Swinging Strike
1-2: SINGLE (Line Drive, 6)
Batting: RHB Ernie McPherson 0-0: Ball
1-0: Bunted foul
1-1: Sac Bunt - play at second, runner OUT -> throw to first, DP!
Batting: RHB Masaharu Suto 0-0: Ball
1-0: Ball
2-0: Fly out, F7 (Flyball, 7M)
Top of the 7th over - 0 run(s), 1 hit(s), 0 error(s), 0 left on base; Kingston Township 2 - Thunder Bay 2
BOTTOM OF THE 7TH
Thunder Bay Northern Lions BC batting - Pitching for Kingston Township Legion 9 : RHP Masaharu Suto
Batting: LHB John Brewer 0-0: Called Strike
0-1: Foul Ball, location: 2F
0-2: Fly out, F5 (Popup, 13S)
Batting: LHB David Smith 0-0: Called Strike
0-1: Ball
1-1: Swinging Strike
1-2: Fly out, F8 (Flyball, 8LD)
Batting: LHB Curtis Peters 0-0: Called Strike
0-1: Ball
1-1: Foul Ball, location: 2F
1-2: Ball
2-2: Foul Ball, location: 2F
2-2: Fly out, F5 (Popup, 56S)
Bottom of the 7th over - 0 run(s), 0 hit(s), 0 error(s), 0 left on base; Kingston Township 2 - Thunder Bay 2
TOP OF THE 8TH
Kingston Township Legion 9 batting - Pitching for Thunder Bay Northern Lions BC : RHP Jorge Castillo
Batting: RHB António Varela 0-0: Foul Ball, location: 2F
0-1: Reached on Error, E9 (Flyball, 9S)
Batting: RHB Vicente Toro 0-0: Ball
1-0: Bunted foul
1-1: Bunted foul
1-2: Fly out, F9 (Flyball, 9D)
Pitching: LHP Mhelter Vitor
Batting: LHB Clay Rush 0-0: Called Strike
0-1: Ball
1-1: Fly out, F6 (Line Drive, 56D)
Pinch Hitting: RHB Raúl Valadez 0-0: Called Strike
0-1: Called Strike
0-2: Strikes out swinging
Top of the 8th over - 0 run(s), 0 hit(s), 1 error(s), 1 left on base; Kingston Township 2 - Thunder Bay 2
BOTTOM OF THE 8TH
Thunder Bay Northern Lions BC batting - Pitching for Kingston Township Legion 9 : RHP Masaharu Suto
Now at 3B: Raúl Valadez
Batting: SHB Arnold Griffith 0-0: Ball
1-0: Ball
2-0: Called Strike
2-1: Called Strike
2-2: Foul Ball, location: 2F
2-2: Foul Ball, location: 2F
2-2: Ground out 5-3 (Groundball, 56)
Batting: LHB Keith Bridges 0-0: Ball
1-0: Ball
2-0: Foul Ball, location: 2F
2-1: Ball
3-1: Foul Ball, location: 2F
3-2: Reached on Error, E7 (Flyball, 78S)
Pitching: RHP Jesús Prieto
Pinch Runner at 1st Fernando Castro:
Batting: RHB Robert O'Connor 0-0: Ball
1-0: Called Strike
1-1: Grounds into double play, 6-4-3 (Groundball, 6M)
Bottom of the 8th over - 0 run(s), 0 hit(s), 1 error(s), 0 left on base; Kingston Township 2 - Thunder Bay 2
TOP OF THE 9TH
Kingston Township Legion 9 batting - Pitching for Thunder Bay Northern Lions BC : LHP Mhelter Vitor
Pitching: LHP Jake O'Tomalty
Now at 3B: Fernando Castro
Now in CF: Juan Durán
Batting: RHB Akihiko Oike 0-0: Ground out 6-3 (Groundball, 56)
Pinch Hitting: RHB Pedro Mendoza 0-0: Ball
1-0: Foul Ball, location: 2F
1-1: Foul Ball, location: 2F
1-2: Strikes out swinging
Batting: RHB Chet Nix 0-0: Ball
1-0: Ball
2-0: Ball
3-0: Base on Balls
Batting: RHB Ernie McPherson 0-0: Fly out, F8 (Flyball, 8RXD)
Top of the 9th over - 0 run(s), 0 hit(s), 0 error(s), 1 left on base; Kingston Township 2 - Thunder Bay 2
BOTTOM OF THE 9TH
Thunder Bay Northern Lions BC batting - Pitching for Kingston Township Legion 9 : RHP Jesús Prieto
Now in LF: Pedro Mendoza
Batting: RHB Jonathan Cook 0-0: Foul Ball, location: 2F
0-1: DOUBLE (Flyball, 7LD)
Batting: LHB Juan Durán 0-0: Ball
1-0: Foul Ball, location: 2F
1-1: Ball
2-1: Called Strike
2-2: Ball
3-2: Foul Ball, location: 2F
3-2: Base on Balls
Batting: RHB Taroemon Watanabe 0-0: Ball
1-0: Called Strike
1-1: Ball
2-1: Foul Ball, location: 2F
2-2: Ball
Wild Pitch!
Jonathan Cook to third
Juan Durán to second
3-2: SINGLE (Line Drive, 78M)
Jonathan Cook scores
This league is powered by Out of the Park Baseball, the baseball management simulation game for PC, Mac and Linux
Friday, October 23rd, 2015 - OOTP Baseball 16.9 Build 39